 Dungeon Crawl Stone Soup version 0.28-a0-1159-g27aa881441 (webtiles) character file.

Game seed: 9292654825696740564

102 coolguy420 the Conjurer (level 4, -1/24 HPs)
             Began as a Deep Elf Conjurer on Dec 15, 2021.
             Was a Believer of Cheibriados.
             Shot with an arrow by a centaur (9 damage)
             ... on level 3 of the Dungeon.
             The game lasted 00:05:25 (2837 turns).

coolguy420 the Conjurer (Deep Elf Conjurer)         Turns: 2837, Time: 00:05:25

Health: -1/24      AC:  2    Str:  8    XL:     4   Next: 50%
Magic:  11/12      EV: 13    Int: 29    God:    Cheibriados [**....]
Gold:   108        SH:  0    Dex: 17    Spells: 8/11 levels left

rFire   . . .      SeeInvis .   (no weapon)
rCold   . . .      Faith    .   (no shield)
rNeg    . . .      Spirit   .   a - +0 robe
rPois   .          Reflect  .   (no helmet)
rElec   .          Harm     .   (no cloak)
rCorr   .          Rampage  .   (no gloves)
Will    .....                   (no boots)
Stlth   ++........              (no amulet)
HPRegen 0.08/turn               (no ring)
MPRegen 0.13/turn               (no ring)

@: very slow
A: no striking features
a: Renounce Religion, Bend Time


You were on level 3 of the Dungeon.
You worshipped Cheibriados.
Cheibriados was pleased with you.
You visited 1 branch of the dungeon, and saw 3 of its levels.

You collected 108 gold pieces.

Inventory:

Armour
 a - a +0 robe (worn)
Scrolls
 b - a scroll of immolation {unknown}
 e - a scroll of brand weapon {unknown}
 f - 2 scrolls of blinking {unknown}
 g - 3 scrolls of teleportation {unknown}
 k - 2 scrolls of identify {unknown}
 l - a scroll of noise {unknown}
Potions
 c - a potion of attraction {unknown}
 d - 2 potions of might {unknown}
 h - 2 potions of heal wounds {unknown}
 i - a potion of brilliance {unknown}
 j - a potion of mutation {unknown}


   Skills:
 + Level 2.9 Dodging
 + Level 2.8 Stealth
 + Level 4.2 Spellcasting
 + Level 5.7 Conjurations


You had 8 spell levels left.
You knew the following spells:

 Your Spells              Type           Power      Damage    Failure   Level
a - Magic Dart            Conj           100%       1d8       1%          1
b - Searing Ray           Conj           78%        2d7       1%          2

Your spell library contained the following spells:

 Spells                   Type           Power      Damage    Failure   Level
 Dazzling Flash           Conj/Hex       44%        N/A       6%          3
 Ozocubu's Armour         Ice            6%         N/A       21%         3
 Fulminant Prism          Conj/Hex       11%        3d9       22%         4
 Iskenderun's Mystic Bla  Conj/Tloc      22%        2d6       22%         4
 Passage of Golubria      Tloc           6%         N/A       56%         4
 Silence                  Hex/Air        3%         N/A       88%         5
 Ozocubu's Refrigeration  Ice            3%         4d5       100%        7
 Lehudib's Crystal Spear  Conj/Erth      11%        10d4      100%        8


Dungeon Overview and Level Annotations

Branches:
Dungeon (3/15)

Altars:
Cheibriados


Message History

You see here an adder corpse.
You open the door.
There is an open door here.
g - 3 scrolls labelled UTUJIO JUANO (gained 1)
Found a ring mail.
There is an open door here.
You open the door.
A kobold comes into view. It is wielding a +0 dagger.
Found Ozocubu's Autobiography.
A kobold is nearby!
The magic dart hits the kobold but does no damage.
The kobold shouts!
The magic dart hits the kobold.
You kill the kobold!
Cheibriados appreciates the change of pace.
You can't see any susceptible monsters within range! (Use Z to cast anyway.)
There is an open door here.
You pick up Ozocubu's Autobiography and begin reading...
You add the spells Ozocubu's Armour and Ozocubu's Refrigeration to your library.
Things that are here:
a +0 dagger; a kobold corpse
Okay, then.
Memorise Searing Ray, consuming 2 spell levels and leaving 8?
You start memorising the spell.
You continue memorising. x2
You finish memorising.
Spell assigned to 'b'.
Found an escape hatch in the floor.
You now have 108 gold pieces (gained 2).
k - 2 scrolls labelled DAIDEHY CENU (gained 1)
There is an escape hatch in the floor here.
Found a robe.
A centaur comes into view.
Found 8 gold pieces.
The centaur shouts!
The centaur wields a +0 shortbow.
The centaur shoots an arrow.
The arrow barely misses you.
The centaur shoots an arrow.
The arrow hits you.
The magic dart hits the centaur.
The centaur is lightly wounded.
The centaur shoots an arrow.
The arrow hits you!
The centaur shoots an arrow.
The arrow hits you!
You die...

...#
..........#†#.#.#(#
#.# ####
..........#.#.#.#.#
#.#
.......[..#.#.#.#.#
#.#
..$.......#.#.#.#.#
#.# ..........#
#.#.#.# #.#
.....c....# #.#.#.#
#.## ..........#
#.....# #... #.#
###.######## #@#
#......... #.#
#†######## #.# #.#
#.# #.# #####.####
#'#
#........#♣♣♣.♣♣♣
#........#♣..♣..♣
#........#♣.♣.♣.♣###
#........'.♣.♣.♣.+.#


You could see a centaur.

Vanquished Creatures
  3 adders
  A white imp (D:3)
  2 worms (D:2)
  2 dart slugs
  3 orcs (D:3)
  A bat (D:3)
  4 endoplasms
  4 giant cockroaches
  3 hobgoblins (D:2)
  2 quokkas
  7 ball pythons
  3 frilled lizards
  7 goblins
  8 kobolds
  4 rats
54 creatures vanquished.

Notes
Turn   | Place    | Note
-------+----------+-------------------------------------------
     0 | D:1      | coolguy420 the Deep Elf Conjurer began the quest for the
                  | Orb.
     0 | D:1      | Reached XP level 1. HP: 10/10 MP: 6/6
   488 | D:1      | Found a faded altar of an unknown god.
   538 | D:1      | Reached XP level 2. HP: 15/15 MP: 2/8
   884 | D:1      | Prayed at the altar of an unknown god.
   884 | D:1      | Became a worshipper of Cheibriados the Contemplative
   884 | D:1      | Reached * piety under Cheibriados
  1392 | D:2      | Reached skill level 5 in Conjurations
  1484 | D:2      | Reached XP level 3. HP: 19/19 MP: 2/9
  2106 | D:3      | Reached ** piety under Cheibriados
  2109 | D:3      | Reached XP level 4. HP: 24/24 MP: 6/11
  2792 | D:3      | Learned a level 2 spell: Searing Ray
  2835 | D:3      | Noticed a centaur
  2837 | D:3      | Shot with an arrow by a centaur

Illustrated notes

Levels and vault maps discovered:
D:1:      nicolae_arrival_somewhat_less_tricky_arrival, layout_basic,
          dreamdust_ecumenical_altar_statues, minmay_close_crescents
D:2:      layout_rooms
D:3:      layout_basic, kennysheep_generic_room_10

Skill      XL: |  1  2  3  4 |
---------------+-------------+-----
Conjurations   | 5 |  5.7
Spellcasting   | 4 |  4.2
Dodging        | |  2.9
Stealth        | |  2.8

Action                   |  1- 3 |  4- 6 || total
-------------------------+-------+-------++-------
 Cast: Magic Dart        |    80 |    28 ||   108
Armor: Robe              |     5 |     1 ||     6
Dodge: Dodged            |    15 |     5 ||    20

Table legend: (Time is in decaauts)
 A = Elapsed time spent in this place.
 B = Non-inter-level travel time spent in this place.
 C = Inter-level travel time spent in this place.
 D = Time resting spent in this place.
 E = Time spent auto-exploring this place.
 F = Levels seen in this place.
 G = Mean time per level.
                   A        B        C        D        E       F      G
               +--------+--------+--------+--------+--------+-----+--------+
         Total |   3319 |   3195 |    124 |      0 |   2871 |   3 | 1106.3 |
       Dungeon |   3319 |   3195 |    124 |      0 |   2871 |   3 | 1106.3 |
               +--------+--------+--------+--------+--------+-----+--------+

Top non-repeatable levels by time:
     D:1: 1552 daAuts
     D:3: 1005 daAuts
     D:2: 761 daAuts
